AoeStats
← Mebossmer

Black Forest

504299689Analyzed
3v3 RM · 28d ago on Sep 4, 2026· 38m 1s· 6 players
Game mode
Random Map
Map size
Normal (6 player)
Population
200
Speed
Normal
Resources
Standard
Victory
Conquest
Starting age
Dark Age
Ending age
Imperial Age
RankedLock teamsTeams togetherTeam positionsShared explorationLock speedFull tech treeHidden civsTurbo modeCheats
Victory
Defeat
🇩🇪 Tatars · Germany
1016
+15
🇩🇪 Mongols · Germany
1010
+15
🇩🇪 Spanish · Germany
921
+19
🇬🇧 Britons · United Kingdom
1005
-17
🇨🇱 Vietnamese · Chile
984
-16
🇫🇷 Lithuanians · France
983
-16
Tobunga
9:15 Loom
11:22 Feudal Age
17:07 Castle Age
15:43 Double-Bit Axe
18:35 Fletching
22:31 Bodkin Arrow
25:20 Padded Archer Armor
28:50 Light Cavalry
29:31 Horse Collar
32:58 Ballistics
33:26 Heavy Plow
34:35 Scale Barding Armor
35:48 Wheelbarrow
40:39 Imperial Age
38:39 Forging
GenosseFelix
7:47 Loom
10:00 Feudal Age
10:50 Double-Bit Axe
13:51 Horse Collar
17:36 Castle Age
16:39 Fletching
17:40 Bloodlines
21:57 Wheelbarrow
23:56 Padded Archer Armor
23:54 Bodkin Arrow
23:59 Padded Archer Armor
25:25 Ballistics
26:40 Leather Archer Armor
27:49 Heavy Plow
32:09 Imperial Age
31:34 Husbandry
31:48 Forging
33:06 Bracer
32:29 Capped Ram
33:33 Conscription
33:35 Drill
33:51 Thumb Ring
33:23 Siege Ram
35:22 Chemistry
34:58 Gold Mining
35:24 Elite Mangudai
Mebossmer
5:46 Loom
10:54 Feudal Age
12:18 Wheelbarrow
11:34 Double-Bit Axe
12:06 Horse Collar
14:40 Stone Mining
16:47 Gold Mining
20:28 Castle Age
22:43 Husbandry
23:50 Bow Saw
32:11 Stone Shaft Mining
tomahawk
1:24 Loom
12:19 Feudal Age
13:46 Double-Bit Axe
13:47 Horse Collar
21:39 Castle Age
20:59 Padded Archer Armor
21:20 Gold Mining
21:54 Fishing Lines
23:10 Gold Shaft Mining
22:03 Crossbowman
25:23 Fletching
26:26 Bow Saw
26:49 Heavy Plow
26:49 Stone Mining
28:03 Wheelbarrow
27:33 Bodkin Arrow
27:53 Leather Archer Armor
28:52 Pikeman
35:14 Imperial Age
34:04 Ballistics
33:56 Fortified Wall
34:18 Forging
34:09 Scale Mail Armor
34:25 Leather Archer Armor
Shakly
1:05 Loom
12:46 Feudal Age
14:49 Gold Mining
14:57 Double-Bit Axe
15:27 Horse Collar
21:37 Castle Age
21:39 Bloodlines
23:01 Husbandry
25:23 Fletching
25:34 Padded Archer Armor
25:28 Elite Skirmisher
vfnieto
6:04 Loom
10:06 Feudal Age
11:22 Wheelbarrow
10:33 Double-Bit Axe
18:18 Castle Age
19:14 Hand Cart
18:56 Horse Collar
23:30 Fletching
23:58 Elite Skirmisher
25:59 Crossbowman
29:49 Stone Mining
30:01 Heavy Plow
30:13 Bow Saw
Connection lost

Rejoining the realm…

Still unreachable

The connection could not be restored.

Session expired

The server has moved on; the page needs a fresh start.